 Dungeon Crawl Stone Soup version 0.21.1-1-g345015fe64 (webtiles) character file.

650 MsStandart the Cleaver (level 7, -2/61 HPs)
             Began as a Minotaur Berserker on May 16, 2018.
             Was a Follower of Trog.
             Slain by Edmund
             ... wielding a +1 flail of protection
              (4 damage)
             ... on level 4 of the Dungeon.
             The game lasted 00:16:16 (3220 turns).

MsStandart the Cleaver (Minotaur Berserker)         Turns: 3220, Time: 00:16:16

Health: -2/61      AC: 11    Str: 23    XL:     7   Next: 28%
Magic:  6/6        EV:  9    Int:  4    God:    Trog [*.....]
Gold:   155        SH:  0    Dex: 10    Spells: 6/6 levels left

rFire    . . .     SeeInvis .   a - +1 hand axe
rCold    . . .     Gourm    .   (no shield)
rNeg     . . .     Faith    .   u - +0 chain mail
rPois    .         Spirit   .   (helmet restricted)
rElec    .         Reflect  .   s - +0 cloak
rCorr    .         Harm     .   g - +0 pair of gloves
MR       .....                  (no boots)
Stlth    ..........             (no amulet)
HPRegen  0.20/turn              (no ring)
MPRegen  0.10/turn              (no ring)

@: berserk cooldown, slowed, very slow
A: retaliatory headbutt, horns 2
a: Berserk, Burn Spellbooks, Renounce Religion


You were on level 4 of the Dungeon.
You worshipped Trog.
Trog was aware of your devotion.
You were hungry.

You visited 1 branch of the dungeon, and saw 4 of its levels.

You collected 155 gold pieces.

Inventory:

Hand Weapons
 a - a +1 hand axe (weapon)
 r - a +4 quarterstaff of chaos
Armour
 g - a +0 pair of gloves (worn)
 s - a +0 cloak (worn)
 u - a +0 chain mail (worn)
Jewellery
 q - an uncursed ring of magical power
Wands
 o - a wand of digging (17)
Scrolls
 h - a scroll of magic mapping {unknown}
 i - a scroll of immolation {unknown}
 n - a scroll of remove curse
Potions
 d - a potion of resistance {unknown}
 e - a potion of lignification {unknown}
 f - a potion of curing {unknown}
 k - 2 potions of might {unknown}
 l - 3 potions of mutation {unknown}
 t - a potion of magic {unknown}
Comestibles
 b - 3 chunks of flesh
 c - 3 rations


   Skills:
 + Level 5.5 Fighting
 * Level 8.4 Axes
 + Level 4.3 Armour
 - Level 2.2 Dodging
 + Level 0.7 Stealth


You had 6 spell levels left.
You didn't know any spells.

Dungeon Overview and Level Annotations

Branches:
Dungeon (4/15)
 Temple: D:4-7

Altars:

Annotations:
D:4 Edmund


Innate Abilities, Weirdness & Mutations

You reflexively headbutt those who attack you in melee.
You have a pair of horns on your head.


Message History

You barely miss the orc. Edmund hits you but does no damage.
The orc hits you but does no damage.
Unknown command.
Your chain mail prevents you from hitting Edmund.
You headbutt Edmund, but do no damage.
Edmund is lightly wounded.
You hit the orc. Edmund hits you but does no damage.
The orc hits you with a falchion.
* * * LOW HITPOINT WARNING * * *
You hit Edmund but do no damage.
Edmund is lightly wounded.
You hit the orc but do no damage.
Edmund says, "What use are spells, anyway?"
Edmund hits you but does no damage. The orc hits you but does no damage.
You hit Edmund but do no damage.
Edmund is lightly wounded.
You hit the orc but do no damage. Edmund barely misses you.
The orc hits you but does no damage.
Edmund hits you with a flail of protection.
You die...

.....# #...##.)........#
..... #...............# ...
#######..............#
........##...........
........#........#..
........##.......##. ###
##......##.......### .....
#......##.......### .....#
#.@.....#..........
.......###
##@o#....#....###...
.....p...####...##.......##
###.
......................[##
##
###...#......###........##
.....###...### ###......#
.....##[..## ###...##
.....#.).## ##..#
#.....[[.# ##.##


You could see Edmund and an orc.

Vanquished Creatures
  Pikel (D:4)
  3 slaves (D:4)
  An orc priest (D:3)
  Crazy Yiuf (D:3)
  A bullfrog skeleton (D:4)
  An orc wizard (D:3)
  A worker ant (D:4)
  3 adders
  A worm (D:2)
  A leopard gecko (D:1)
  3 orcs (D:3)
  A giant cockroach (D:2)
  7 hobgoblins
  6 kobolds
  4 bats
  3 frilled lizards
  4 goblins
  2 rats (D:1)
44 creatures vanquished.

Notes
Turn   | Place    | Note
-------+----------+-------------------------------------------
     0 | D:1      | MsStandart the Minotaur Berserker began the quest for the Orb.
     0 | D:1      | Reached XP level 1. HP: 19/19 MP: 0/0
   354 | D:1      | Reached skill level 4 in Axes
   447 | D:1      | Reached XP level 2. HP: 27/27 MP: 1/1
  1609 | D:2      | Reached XP level 3. HP: 30/33 MP: 2/2
  2173 | D:3      | Reached skill level 5 in Axes
  2178 | D:3      | Reached XP level 4. HP: 41/41 MP: 3/3
  2698 | D:3      | Found a runed door.
  2702 | D:3      | Noticed Crazy Yiuf
  2707 | D:3      | Killed Crazy Yiuf
  2707 | D:3      | Reached skill level 6 in Axes
  2707 | D:3      | Reached XP level 5. HP: 47/47 MP: 0/4
  3180 | D:4      | Noticed Pikel
  3180 | D:4      | Noticed a slave
  3181 | D:4      | Noticed a slave
  3182 | D:4      | Noticed a slave
  3182 | D:4      | Noticed a slave
  3191 | D:4      | Killed a slave
  3192 | D:4      | Killed a slave
  3195 | D:4      | Killed a slave
  3199 | D:4      | Noticed Edmund
  3199 | D:4      | Killed Pikel
  3199 | D:4      | Reached skill level 5 in Fighting
  3199 | D:4      | Reached skill level 8 in Axes
  3199 | D:4      | Reached XP level 6. HP: 34/56 MP: 5/5
  3199 | D:4      | Reached XP level 7. HP: 37/61 MP: 6/6
  3216 | D:4      | HP: 3/61 [Edmund/flail of protection (7)]
  3220 | D:4      | Slain by Edmund

Skill      XL: |  1  2  3  4  5 |
---------------+----------------+-----
Axes           | 4 5 6 8 |  8.4
Fighting       | 4 5 |  5.5
Armour         | 4 |  4.3
Dodging        | |  2.2
Stealth        | |  0.7

Action                   |  1- 3 |  4- 6 |  7- 9 || total
-------------------------+-------+-------+-------++-------
Melee: Hand axe          |    71 |    46 |     7 ||   124
       Headbutt          |     9 |     8 |     1 ||    18
Invok: Berserk           |     1 |     2 |       ||     3
  Use: Scroll            |    11 |       |     1 ||    12
  Eat: Chunk             |     2 |     4 |       ||     6
       Ration            |     1 |       |       ||     1
Armor: Ring mail         |    16 |     1 |       ||    17
       Robe              |     6 |       |       ||     6
       Chain mail        |       |    16 |    11 ||    27
Dodge: Dodged            |    40 |    20 |     5 ||    65
